 Dungeon Crawl Stone Soup version 0.22-a0-430-g6609fc65db (webtiles) character file.

46219 Manul the Warrior (level 14, -7/86 HPs)
             Began as a Vine Stalker Gladiator on May 26, 2018.
             Was an Initiate of Gozag.
             Mangled by a sun demon (17 damage)
             ... summoned by an orc high priest
             ... on level 2 of the Orcish Mines.
             The game lasted 00:27:33 (15842 turns).

Manul the Warrior (Vine Stalker Gladiator)         Turns: 15842, Time: 00:27:33

Health: -7/86      AC: 16    Str: 27    XL:     14   Next: 36%
Magic:  0/16       EV: 22    Int: 12    God:    Gozag
Gold:   2095       SH:  0    Dex: 22    Spells: 13/13 levels left

rFire    x . .     SeeInvis .   l - +4 great sword "Ryic Junk" {chaos, rC- Str+5 Int+4 Dex+2}
rCold    . . .     Gourm    .   (shield currently unavailable)
rNeg     . . .     Faith    .   x - +3 ring mail {rPois}
rPois    +         Spirit   +   z - +0 hat "Coppaomi" {Str+4} (curse)
rElec    .         Reflect  .   (no cloak)
rCorr    .         Harm     .   g - +2 pair of gloves {archery}
MR       +....                  C - +0 pair of boots
Stlth    +++++.....             (no amulet)
HPRegen  1.04/turn              w - ring of ice
MPRegen  0.15/turn              N - ring of stealth

@: gold aura, studying Shields
A: fangs 3, repulsion field 1, yellow scales 1, regeneration 2, magic shield,
antimagic bite, no potion heal 3, rot immunity
a: Potion Petition, Call Merchant, Bribe Branch, Renounce Religion


You were on level 2 of the Orcish Mines.
You worshipped Gozag.
Gozag was most pleased with you.
You were hungry.

You visited 3 branches of the dungeon, and saw 17 of its levels.
You visited 1 bazaar.
You also visited: Bailey.

You collected 4764 gold pieces.
You spent 889 gold pieces at shops.
You paid 1780 gold pieces to Gozag.

Inventory:

Hand Weapons
 l - the +4 great sword "Ryic Junk" (weapon) {chaos, rC- Str+5 Int+4 Dex+2}
   (You bought it in a shop on level 5 of the Dungeon)

   Each time it hits an enemy it has a different, random effect.
   It affects your strength (+5).
   It affects your intelligence (+4).
   It affects your dexterity (+2).
   It makes you vulnerable to cold.
 t - a +1 whip of freezing
 M - a +1 quarterstaff of freezing
Missiles
 o - a throwing net (quivered)
Armour
 g - a +2 pair of gloves of archery (worn)
 u - a +0 ring mail
 v - a +2 leather armour of poison resistance
 x - a +3 ring mail of poison resistance (worn)
 z - the cursed +0 hat "Coppaomi" (worn) {Str+4}
   (You found it on level 8 of the Dungeon)

   It affects your strength (+4).
   It has a curse placed upon it.
 C - a +0 pair of boots (worn)
 Q - a +0 plate armour of cold resistance
Jewellery
 p - an uncursed ring of ice
 w - a ring of ice (left hand)
 B - an uncursed ring of flight
 N - a ring of stealth (right hand)
Wands
 q - a wand of acid (1)
 A - a wand of disintegration (6)
 I - a wand of paralysis (11)
Scrolls
 a - a scroll of holy word {unknown}
 e - 2 scrolls of teleportation
 i - 7 scrolls of magic mapping
 k - 4 scrolls of enchant weapon
 n - 3 scrolls of immolation
 s - 7 scrolls of remove curse
 y - 2 scrolls of silence
 D - 3 scrolls of enchant armour
 F - a scroll of vulnerability {unknown}
 G - a scroll of torment
 H - a scroll of amnesia
 K - a scroll of acquirement
 L - 4 scrolls of identify
 O - a scroll of fear
 R - a scroll of summoning
Potions
 b - 2 potions of might
 c - a potion of cancellation {unknown}
 h - 3 potions of heal wounds
 j - 5 potions of curing
 m - a potion of degeneration
 r - 2 potions of brilliance
 E - a potion of haste
 J - a potion of flight
 P - a potion of mutation
Books
 d - a manual of Shields
Comestibles
 f - 13 rations


   Skills:
 + Level 15.1 Fighting
 - Level 7.2 Long Blades
 - Level 6.3 Staves
 - Level 2.0 Throwing
 + Level 9.0 Armour
 + Level 9.5 Dodging
 + Level 10.2 Stealth
 + Level 2.3 Evocations


You had 13 spell levels left.
You didn't know any spells.
Your spell library contained the following spells:

 Spells                   Type           Power        Failure   Level  Hunger
 Magic Dart               Conj           #...         41%         1    ##.....
 Bolt of Magma            Conj/Fire/Erth #.........   100%        5    ######.
 Throw Frost              Conj/Ice       #.....       56%         2    ###....
 Venom Bolt               Conj/Pois      #.........   100%        5    ######.
 Iskenderun's Mystic Bla  Conj           #.......     99%         4    #####..
 Freeze                   Ice            #...         41%         1    ##.....
 Summon Ice Beast         Ice/Summ       #.......     99%         4    #####..
 Ozocubu's Armour         Chrm/Ice       #.......     80%         3    ####...
 Iron Shot                Conj/Erth      #.........   100%        6    #######
 Throw Icicle             Conj/Ice       #.......     99%         4    #####..
 Orb of Destruction       Conj           #.........   100%        7    #######
 Iskenderun's Battlesphe  Conj/Chrm      #.......     100%        5    ######.
 Fulminant Prism          Conj/Hex       #.........   99%         4    #####..
 Dazzling Spray           Conj/Hex       #.....       80%         3    ####...
 Force Lance              Conj/Tloc      #.......     99%         4    #####..
 Searing Ray              Conj           #.....       56%         2    ###....
 Spellforged Servitor     Conj/Summ      #.........   100%        7    #######


Dungeon Overview and Level Annotations

Branches:
Dungeon (14/15)            Temple (1/1) D:5            Lair (0/6) D:11
    Orc (2/2) D:12            Elf (0/3) Orc:2        Vaults (0/5) D:13

Altars:
Ashenzari
Cheibriados
Dithmenos
Elyvilon
Fedhas
Gozag
Hepliaklqana
Kikubaaqudgha
Makhleb
Nemelex Xobeh
Okawaru
Qazlal
Ru
Sif Muna
Trog
Uskayaw
Vehumet
Wu Jian
Xom
Yredelemnul
Zin
The Shining One

Shops:
D:5 (   D:9 *   D:11 =   D:12 [   Orc:2 *(?}

Annotations:
D:14 Sonja


Innate Abilities, Weirdness & Mutations

You have razor-sharp teeth.
You heal very quickly.
When hurt, damage is shared between your health and your magic reserves.
Your bite disrupts and absorbs the magic of your enemies.
Potions cannot restore your health.
You are immune to rotting.
You are surrounded by a mild repulsion field. (EV +2)
You are partially covered in yellow scales. (AC +2)


Message History

You are engulfed in flames!!
The fire burns you terribly!
The orc high priest is no longer distracted by gold.
The orange demon completely misses you.
The orc high priest is distracted by the nearby gold.
The orange demon stings you but does no damage.
The sun demon hits you!
You are engulfed in flames!!
The fire burns you terribly!
* * * LOW HITPOINT WARNING * * *
You hit the orc high priest.
The orc high priest is poisoned.
The orc high priest is no longer distracted by gold.
Your bite misses the orc high priest.
The orc high priest is lightly wounded.
The orange demon stings you but does no damage.
The sun demon completely misses you.
The orc high priest hits you but does no damage.
The orange demon closely misses you. The sun demon hits you!!
* * * LOW HITPOINT WARNING * * *
You are engulfed in flames!!
The fire burns you terribly!
You die...
Your body crumbles into a pile of gold.

...#∩#...##..#..........,,,,,,,,,
.#.....#..#..#...#......,,,,,,$,,
###...###....#..........,,,,,,,,*
.#.....#..)..#..........,,,,,,*,*
...#.#.)))...#..........,,,,,,,,,
..#####.)....#..........,,,,,,,,,
.)....))....##..........,,,,,,,,,
...........##...o.......,,,,,,,,,
###.))######..4.@.......,,,,,,,,,
....)).........3........,,,,,,,,,
.....)..................,,,,,,,,,
........................,,,,,,,,,
........)...............,,,,,,,,,
.........)..............,,,,,,,,,
........................,,,,,,,,,
........................,,,,,,,*,
........................,,,,,,,,,


You could see an orc high priest, a sun demon and an orange demon.

Vanquished Creatures
  Fannar (D:11)
  A hydra (D:13)
  A centaur warrior (D:14)
  Erica (D:9)
  2 ogre magi
  9 two-headed ogres
  4 orc high priests
  A deep elf knight (D:13)
  A deep troll (shapeshifter) (D:9)
  2 unseen horrors
  4 orc knights
  4 deep elf magi
  2 orc sorcerers
  An ugly thing (D:12)
  16 slime creatures
  5 cyclopes
  2 centaur zombies
  A kobold demonologist (D:13)
  2 centaur skeletons
  2 komodo dragons
  2 trolls
  7 hippogriffs
  Sigmund (D:6)
  A wyvern (D:10)
  5 wraiths
  A shadow (D:12)
  4 yaks (D:11)
  A human (D:7)
  2 basilisks (D:11)
  4 hogs (D:7)
  2 hungry ghosts
  4 vampire mosquitoes (D:14)
  Menkaure (D:5)
  An acid dragon (D:14)
  4 wargs
  A water moccasin (D:11)
  Duvessa (D:6)
  A water moccasin (shapeshifter) (D:7)
  4 porcupines (D:11)
  A hornet zombie (D:13)
  4 sky beasts
  A black bear (D:7)
  39 orc warriors
  An ice beast (D:11)
  15 ogres
  6 phantoms
  An eye of draining (D:11)
  A tengu (shapeshifter) (D:13)
  3 crocodiles
  12 centaurs
  4 big kobolds
  The ghost of psch the Conjurer, an amateur DECj (D:3)
  Blork the orc (D:6)
  An elf zombie (D:7)
  5 bullfrogs
  A gnoll sergeant (D:12)
  A water moccasin zombie (D:7)
  A wyvern skeleton (D:12)
  A hornet simulacrum (D:12)
  21 killer bees
  3 scorpions
  A troll zombie (D:7)
  Dowan (D:6)
  9 wights
  5 howler monkeys
  7 crimson imps
  2 bullfrog zombies
  A quasit (D:12)
  8 hounds
  3 jellies
  2 human zombies (D:7)
  25 orc priests
  A bullfrog skeleton (D:7)
  40 orc wizards
  5 iguanas
  An iron imp (D:7)
  A human skeleton (D:7)
  13 worker ants
  2 mummies (D:7)
  2 hound skeletons
  A howler monkey zombie (D:10)
  A worker ant zombie (D:10)
  16 gnolls
  8 adders
  2 shadow imps
  An ooze (D:4)
  An adder skeleton (D:9)
  2 worms (D:4)
  2 dart slugs
  3 leopard geckos
  A leopard gecko (shapeshifter) (D:14)
  73 orcs
  5 giant cockroaches
  6 hobgoblins
  14 jackals
  4 quokkas
  2 bats
  2 frilled lizards
  5 goblins
  A jackal skeleton (D:9)
  16 kobolds
  A leopard gecko skeleton (D:8)
  A quokka skeleton (D:8)
  7 rats
537 creatures vanquished.

Vanquished Creatures (others)
  An orc knight (Bailey)
  An orc wizard (Orc:1)
  5 toadstools (D:1)
7 creatures vanquished.

Grand Total: 544 creatures vanquished

Notes
Turn   | Place    | Note
-------+----------+-------------------------------------------
     0 | D:1      | Manul the Vine Stalker Gladiator began the quest for the Orb.
     0 | D:1      | Reached XP level 1. HP: 11/11 MP: 2/2
   139 | D:1      | Reached XP level 2. HP: 12/15 MP: 1/3
   301 | D:1      | Reached skill level 2 in Fighting
   422 | D:1      | Reached XP level 3. HP: 15/18 MP: 2/4
  1197 | D:2      | Found a shimmering altar of Xom.
  1199 | D:2      | Noticed an angel
  1216 | D:2      | Found a glowing silver altar of Zin.
  1609 | D:3      | Gained mutation: Your natural rate of healing is unusually fast. [Vine Stalker growth]
  1609 | D:3      | Reached XP level 4. HP: 20/23 MP: 3/5
  1682 | D:3      | Noticed psch's ghost (amateur DECj)
  1809 | D:4      | Reached skill level 1 in Armour
  1915 | D:4      | Reached XP level 5. HP: 27/27 MP: 6/6
  2178 | D:4      | Reached skill level 1 in Stealth
  2429 | D:3      | Reached XP level 6. HP: 28/32 MP: 5/7
  2547 | D:3      | Killed psch's ghost
  3092 | D:4      | Reached skill level 3 in Fighting
  3424 | D:4      | Found a burning altar of Makhleb.
  3426 | D:4      | Found a glowing golden altar of the Shining One.
  3573 | D:5      | Entered Level 5 of the Dungeon
  3579 | D:5      | Reached XP level 7. HP: 36/36 MP: 8/8
  3597 | D:5      | Found a staircase to the Ecumenical Temple.
  3617 | Temple   | Entered the Ecumenical Temple
  3691 | Temple   | Became a worshipper of Gozag Ym Sagoz the Greedy
  3848 | D:5      | Reached skill level 5 in Staves
  3952 | D:5      | Found Qopamp's Antique Weapon Boutique.
  4349 | D:5      | Noticed Menkaure
  4364 | D:5      | Killed Menkaure
  4364 | D:5      | Reached skill level 4 in Fighting
  4364 | D:5      | Gained mutation: You have razor-sharp teeth. [Vine Stalker growth]
  4364 | D:5      | Reached XP level 8. HP: 25/42 MP: 4/9
  4566 | D:6      | Gained mutation: You are surrounded by a mild repulsion field. (EV +2) [potion of mutation]
  4566 | D:6      | Gained mutation: You are partially covered in yellow scales. (AC +2) [potion of mutation]
  4760 | D:6      | Noticed Blork the orc
  4773 | D:6      | Killed Blork the orc
  4826 | D:6      | Noticed Sigmund
  4873 | D:6      | Killed Sigmund
  4873 | D:6      | Reached skill level 5 in Fighting
  4961 | D:6      | Noticed Dowan
  4962 | D:6      | Noticed Duvessa
  4970 | D:6      | Killed Dowan
  4998 | D:6      | Killed Duvessa
  5503 | D:5      | Bought a fine great sword for 264 gold pieces
  5503 | D:5      | Identified the +4 great sword "Ryic Junk" {chaos, rC- Str+5 Int+4 Dex+2} (You bought it in a shop on level 5 of the Dungeon)
  5541 | D:7      | Reached XP level 9. HP: 28/47 MP: 5/10
  5759 | D:7      | Found a blossoming altar of Fedhas.
  5867 | D:7      | Reached skill level 5 in Dodging
  5871 | D:7      | Reached skill level 1 in Long Blades
  6068 | D:7      | Found a basalt altar of Yredelemnul.
  6285 | D:7      | Reached skill level 5 in Stealth
  6486 | D:7      | Reached XP level 10. HP: 35/53 MP: 9/11
  6489 | D:7      | Reached skill level 6 in Fighting
  6489 | D:7      | Reached skill level 5 in Long Blades
  6604 | D:8      | Identified a scroll of acquirement
  6680 | D:8      | Found a flagged portal.
  6693 | Bailey   | Entered a bailey
  7273 | Bailey   | HP: 1/53 [orc/bolt (10)]
  7715 | Bailey   | Noticed an orc knight
  7796 | Bailey   | Banished an orc knight
  8068 | D:8      | Reached skill level 1 in Evocations
  8133 | D:8      | Got a crude hat
  8144 | D:8      | Identified the cursed +0 hat "Coppaomi" {Str+4} (You found it on level 8 of the Dungeon)
  8264 | D:8      | Reached skill level 7 in Fighting
  8404 | D:8      | Found a stormy altar of Qazlal.
  8496 | D:9      | Noticed Erica
  8528 | D:9      | Reached XP level 11. HP: 59/59 MP: 13/13
  8687 | D:9      | Reached skill level 8 in Fighting
  8761 | D:9      | You fall through a shaft for 3 floors!
  8772 | D:12     | Found a staircase to the Orcish Mines.
  8825 | D:12     | Noticed a deep elf mage
  8833 | D:12     | Killed a deep elf mage
  8833 | D:12     | Reached skill level 9 in Fighting
  8940 | D:11     | Reached skill level 5 in Armour
  9017 | D:11     | Reached skill level 10 in Fighting
  9101 | D:11     | Found a staircase to the Lair.
  9185 | D:10     | Entered Level 10 of the Dungeon
  9576 | D:9      | Noticed a deep troll
  9576 | D:9      | a slime creature changed into a deep troll
  9577 | D:9      | Killed a deep troll
  9611 | D:9      | Noticed a two-headed ogre
  9621 | D:9      | Killed a two-headed ogre
  9621 | D:9      | Reached skill level 11 in Fighting
  9624 | D:9      | Killed Erica
  9675 | D:9      | Gained mutation: You heal very quickly. [Vine Stalker growth]
  9675 | D:9      | Reached XP level 12. HP: 65/70 MP: 14/14
  9825 | D:9      | Found Cezoqiv's Assorted Antiques.
 10533 | D:11     | Reached skill level 12 in Fighting
 10611 | D:11     | Noticed Fannar
 11035 | D:11     | Noticed a two-headed ogre
 11040 | D:11     | Killed a two-headed ogre
 11212 | D:11     | Killed Fannar
 11346 | D:12     | Reached skill level 13 in Fighting
 11871 | D:12     | Noticed a two-headed ogre
 11874 | D:12     | Killed a two-headed ogre
 12030 | D:12     | Bought a pair of runed gloves for 277 gold pieces
 12175 | D:13     | Reached XP level 13. HP: 78/78 MP: 15/15
 12355 | D:13     | Found a gate to the Vaults.
 12393 | D:13     | Reached skill level 14 in Fighting
 12869 | D:14     | Found a white marble altar of Elyvilon.
 12900 | D:14     | Found an ancient bone altar of Kikubaaqudgha.
 13265 | D:14     | Noticed Sonja
 13584 | Orc:1    | Entered Level 1 of the Orcish Mines
 13774 | Orc:1    | Noticed an ogre mage
 13780 | Orc:1    | Paralysed by an ogre mage for 5 turns
 13792 | Orc:1    | Paralysed by something for 6 turns
 13798 | Orc:1    | Killed an ogre mage
 13803 | Orc:1    | HP: 3/79 [cyclops/large rock (24)]
 13986 | Orc:1    | Reached XP level 14. HP: 69/84 MP: 12/16
 14522 | Orc:2    | Entered Level 2 of the Orcish Mines
 14552 | Orc:2    | Found a flickering gateway to a bazaar.
 14590 | Bazaar   | Entered a bazaar
 14660 | Bazaar   | Found Nischil's Antique Weapon Shoppe.
 14715 | Bazaar   | Found Sifovoix's General Store.
 14726 | Bazaar   | Found Cehac's Book Shoppe.
 14748 | Bazaar   | Bought a scroll of summoning for 114 gold pieces
 14748 | Bazaar   | Bought a scroll of enchant armour for 90 gold pieces
 14877 | Orc:2    | Reached skill level 15 in Fighting
 14877 | Orc:2    | Reached skill level 10 in Stealth
 15147 | Orc:2    | Found Kuulline's Magic Scroll Emporium.
 15147 | Orc:2    | Found Ynuets's Assorted Antiques.
 15147 | Orc:2    | Found Sicec's Antique Weapon Shoppe.
 15157 | Orc:2    | Found Xiom's Gadget Emporium.
 15237 | Orc:2    | Bought a scroll of teleportation for 36 gold pieces
 15237 | Orc:2    | Bought a scroll of teleportation for 36 gold pieces
 15241 | Orc:2    | Bought a scroll of identify for 24 gold pieces
 15241 | Orc:2    | Bought a scroll of identify for 24 gold pieces
 15241 | Orc:2    | Bought a scroll of identify for 24 gold pieces
 15504 | Orc:2    | Found a staircase to the Elven Halls.
 15842 | Orc:2    | Mangled by a sun demon

Vault maps used:
D:1:      ldierk_walled_garden
D:2:      grunt_temple_overflow_order_and_chaos_1, first_ration,
          serial_bayou_pond_d
D:4:      minitemple, kennysheep_cluttered_room, kennysheep_generic_room_6
D:5:      temple_statues, serial_shops, shop_fountains, uniq_menkaure
D:6:      uniq_duvessa, uniq_sigmund, uniq_blork_the_orc
D:7:      lemuel_round_altar, grunt_livestock,
          lemuel_mausoleum_altar_yredelemnul
D:8:      nicolae_qazlal_style_of_elements, enter_bailey_2
D:9:      serial_shops, shop, serial_bayou_pond_d, uniq_erica
D:11:     minmay_lair_entry_grove, uniq_fannar
D:12:     orc_0_dummy
D:13:     hangedman_vaults_entry_quadrant_bands, wad_dig_loot
D:14:     basic_altar, elyvilon_altar_4, uniq_sonja
Temple:   nicolae_temple_elliptical
Orc:2:    st_orc_mages, serial_shops, freezing_bzr
Bazaar:   bazaar_kenran_forest_clearing
Bailey:   bailey_polearm_2, bailey

Skill      XL: |  1  2  3  4  5  6  7  8  9 10 11 12 13 14 |
---------------+-------------------------------------------+-----
Staves         | 3 4 5 6 |  6.3
Fighting       | 2 3 4 5 7 11 13 14 15 | 15.1
Armour         | 1 2 3 4 6 7 8 9 |  9.0
Stealth        | 1 2 3 4 5 6 9 10 | 10.2
Dodging        | 3 4 5 6 7 8 9 |  9.5
Throwing       | 2 |  2.0
Long Blades    | 4 7 |  7.2
Evocations     | 1 2 |  2.3

Action                   |  1- 3 |  4- 6 |  7- 9 | 10-12 | 13-15 || total
-------------------------+-------+-------+-------+-------+-------++-------
Melee: Quarterstaff      |    93 |    98 |       |       |    10 ||   201
       Bite              |    21 |    58 |   130 |   245 |   220 ||   674
       Whip              |       |    99 |   189 |       |       ||   288
       Great sword       |       |       |    88 |   414 |   343 ||   845
Throw: Throwing net      |       |       |     4 |     3 |       ||     7
Invok: Potion Petition   |       |       |       |     1 |     1 ||     2
       Call Merchant     |       |       |       |     2 |       ||     2
Evoke: Wand              |       |       |     1 |     3 |       ||     4
  Use: Scroll            |       |       |     5 |     9 |     8 ||    22
       Potion            |       |       |     1 |     6 |       ||     7
 Stab: Sleeping          |     1 |     5 |    11 |    17 |    13 ||    47
       Distracted        |       |     1 |     1 |     5 |     6 ||    13
       Paralysed         |       |       |       |     7 |     1 ||     8
       Invisible         |       |       |       |     4 |       ||     4
       Petrifying        |       |       |       |     2 |       ||     2
       Petrified         |       |       |       |     1 |     1 ||     2
       Held in net/web   |       |       |       |     1 |       ||     1
       Confused          |       |       |       |       |     3 ||     3
  Eat: Chunk             |     2 |     7 |       |       |       ||     9
       Ration            |       |       |     3 |     6 |     3 ||    12
Armor: Leather armour    |    27 |    20 |    65 |    15 |       ||   127
       Ring mail         |       |    31 |       |    88 |   151 ||   270
Dodge: Dodged            |    60 |   115 |   186 |   513 |   435 ||  1309
       Rpst.: Great sword |       |       |    28 |   112 |    86 ||   226

Table legend:
 A = Spawn XP
 B = Non-spawn XP
 C = Spawn XP percentage of total XP
 D = Spawn monster count
 E = Non-spawn monster count
 F = Spawn count percentage of total count
 G = Total turns spent on level
                    A         B        C        D         E        F      G
               +---------+---------+-------+---------+---------+-------+---------
         Total |       0 |   66028 |   0.0 |       0 |     539 |   0.0 | 15842
               +---------+---------+-------+---------+---------+-------+---------
           D:1 |       0 |      41 |   0.0 |       0 |      27 |   0.0 |   753
           D:2 |       0 |      37 |   0.0 |       0 |      13 |   0.0 |   796
           D:3 |       0 |     206 |   0.0 |       0 |      23 |   0.0 |   811
           D:4 |       0 |     327 |   0.0 |       0 |      19 |   0.0 |  1213
           D:5 |       0 |     617 |   0.0 |       0 |      15 |   0.0 |   834
           D:6 |       0 |    1078 |   0.0 |       0 |      11 |   0.0 |   936
           D:7 |       0 |    3189 |   0.0 |       0 |      41 |   0.0 |  1161
           D:8 |       0 |     779 |   0.0 |       0 |      22 |   0.0 |   647
           D:9 |       0 |    5407 |   0.0 |       0 |      37 |   0.0 |   780
          D:10 |       0 |    2410 |   0.0 |       0 |      32 |   0.0 |   717
          D:11 |       0 |    7466 |   0.0 |       0 |      49 |   0.0 |  1202
          D:12 |       0 |    7477 |   0.0 |       0 |      40 |   0.0 |  1032
          D:13 |       0 |   10181 |   0.0 |       0 |      35 |   0.0 |   817
          D:14 |       0 |    7596 |   0.0 |       0 |      36 |   0.0 |   673
         Orc:1 |       0 |    9257 |   0.0 |       0 |      44 |   0.0 |   766
         Orc:2 |       0 |    7566 |   0.0 |       0 |      71 |   0.0 |  1140
        Bailey |       0 |    2394 |   0.0 |       0 |      24 |   0.0 |  1252
               +---------+---------+-------+---------+---------+-------+---------
